 Dungeon Crawl Stone Soup version 0.29.1-2-gbd0b4ee654 (webtiles) character file.

Game seed: 15266190450420184113

53 GorkyZ the Ducker (level 3, 0/28 HPs)
             Began as a Demonspawn Gladiator on Nov 20, 2022.
             Slain by a hobgoblin (5 damage)
             ... led by Robin
             ... on level 2 of the Dungeon.
             The game lasted 00:02:46 (912 turns).

GorkyZ the Ducker (Demonspawn Gladiator)             Turns: 912, Time: 00:02:46

Health: 0/28       AC:  6    Str: 16    XL:     3   Next: 62%
Magic:  3/3        EV: 12    Int:  9    God:
Gold:   24         SH:  0    Dex: 14    Spells: 2/2 levels left

rFire   . . .      SeeInvis .   a - +0 trident
rCold   . . .      Faith    .   (no shield)
rNeg    . . .      Spirit   .   b - +0 leather armour
rPois   .          Reflect  .   c - +0 helmet
rElec   .          Harm     .   (no cloak)
rCorr   +          Rampage  .   (no gloves)
Will    .....                   (no boots)
Stlth   +.........              (no amulet)
HPRegen 0.09/turn               g - ring of resist corrosion
MPRegen 0.08/turn               (no ring)

@: no status effects
A: hooves 1, molten scales 1
a: no special abilities


You were on level 2 of the Dungeon.
You visited 1 branch of the dungeon, and saw 2 of its levels.

You collected 24 gold pieces.

Inventory:

Hand Weapons
 a - a +0 trident (weapon)
Missiles
 d - 3 throwing nets (quivered)
 e - a javelin
 i - 24 stones
Armour
 b - a +0 leather armour (worn)
 c - a +0 helmet (worn)
 q - an orb of light
Jewellery
 g - a ring of resist corrosion (left hand)
 m - an amulet of regeneration
Scrolls
 f - a scroll of amnesia {unknown}
 j - a scroll of teleportation {unknown}
 k - a scroll of vulnerability {unknown}
 l - a scroll of identify {unknown}
 n - a scroll of butterflies {unknown}
Potions
 h - a potion of might {unknown}
 o - a potion of mutation {unknown}
 p - a potion of curing {unknown}


   Skills:
 + Level 2.5 Fighting
 + Level 3.0 Polearms
 + Level 2.2 Throwing
 + Level 1.0 Armour
 + Level 3.1 Dodging


You had 2 spell levels left.
You didn't know any spells.
Your spell library was empty.

Dungeon Overview and Level Annotations

Branches:
Dungeon (2/15)

Altars:

Annotations:
D:2 Robin


Innate Abilities, Weirdness & Mutations

You have large cloven feet.
You are partially covered in molten scales. (AC +2)


Message History

The goblin barely misses you.
You hit the hobgoblin.
You kill the hobgoblin!
The goblin closely misses you.
You closely miss the goblin. The goblin hits you with a +0 club.
The goblin hits you with a +2 dagger of holy wrath.
* * * LOW HITPOINT WARNING * * *
You convulse.
* * * LOW HITPOINT WARNING * * *
You are too injured to fight recklessly!
You are too injured to fight recklessly!
You are too injured to fight recklessly!
You are too injured to fight recklessly!
You are too injured to fight recklessly!
You are too injured to fight recklessly!
You are too injured to fight recklessly!
You are too injured to fight recklessly!
You are too injured to fight recklessly!
You are too injured to fight recklessly!
You are too injured to fight recklessly!
You are too injured to fight recklessly!
You are too injured to fight recklessly!
You are too injured to fight recklessly!
You are too injured to fight recklessly!
You are too injured to fight recklessly!
You are too injured to fight recklessly!
You are too injured to fight recklessly!
You are too injured to fight recklessly!
Unknown command.
You closely miss the goblin. The goblin hits you but does no damage.
The goblin closely misses you.
You puncture the goblin!
You kill the goblin!
Robin roars a battlecry!
The hobgoblin goes into a battle-frenzy!
The goblin completely misses you.
You hit the goblin but do no damage. You kick the goblin.
You kill the goblin!
The hobgoblin hits you.
You die...

#.#..#...... ..... #.#..#.#####
..... #.#..#.##### ....
#.#..#...... ... #....#.#####
#.## #..#.#...... gg##### #..##
###.##.#......
.......#####..#####.............
g............gg@)##.#.##......#.
.............g##....#####...)...
#.............####.>.......#.##.
#.............# ########..#.##.
#.............# #..#.##.
#.......|.....# #..#.##.
#.............# #..#.##.
#.............# #..#.##.
#.............# #..#.##.


You could see Robin and 2 hobgoblins.

Vanquished Creatures
  An adder (D:2)
  3 dart slugs (D:1)
  3 bats (D:1)
  3 endoplasms
  A giant cockroach (D:1)
  6 hobgoblins
  3 ball pythons
  2 frilled lizards (D:1)
  9 goblins
  3 kobolds
34 creatures vanquished.

Notes
Turn   | Place    | Note
-------+----------+-------------------------------------------
     0 | D:1      | GorkyZ the Demonspawn Gladiator began the quest for the
                  | Orb.
     0 | D:1      | Reached XP level 1. HP: 16/16 MP: 1/1
    54 | D:1      | Gained mutation: You are partially covered in molten
                  | scales. (AC +2) [demonic ancestry]
    54 | D:1      | Reached XP level 2. HP: 20/22 MP: 2/2
   758 | D:2      | Gained mutation: You have large cloven feet. [demonic
                  | ancestry]
   758 | D:2      | Reached XP level 3. HP: 28/28 MP: 3/3
   886 | D:2      | Noticed Robin
   905 | D:2      | Reached skill level 1 in Armour
   912 | D:2      | Slain by a hobgoblin

Illustrated notes

Levels and vault maps discovered:
D:1:      heliophobic_arrival_henge, layout_loops_ring, serial_bayou_pond_b,
          chequers_serial_rivers_small_3
D:2:      layout_basic, uniq_robin, uniq_crazy_yiuf_cottage

Skill      XL: |  1  2  3 |
---------------+----------+-----
Throwing       | 2 |  2.2
Polearms       | 3 |  3.0
Dodging        | 3 |  3.1
Armour         | 1 |  1.0
Fighting       | |  2.5

Action                   || total
-------------------------++-------
Melee: Trident           ||    86
       Kick              ||     6
 Stab: Sleeping          ||     1
Armor: Leather armour    ||    20
Dodge: Dodged            ||    42
